 Dungeon Crawl Stone Soup version 0.13-a0-3092-g1832de8 (webtiles) character file.

166 PolkaDot the Sneak (level 3, -1/22 HPs)
             Began as a Vampire Wizard on Sept 18, 2013.
             Killed by nerve-wracking pain
             ... invoked by Grinder
              (5 damage)
             ... while paralysed by Grinder
             ... on Level 3 of the Dungeon.
             The game lasted 00:09:51 (2273 turns).

PolkaDot the Sneak (Vampire Wizard)                 Turns: 2273, Time: 00:09:51

HP  -1/22        AC  2     Str  6      XL: 3   Next: 96%
MP   3/10        EV  2     Int 21      God:
Gold 100         SH  0     Dex 12      Spells:  3 memorised,  1 level left

Res.Fire  : . . .   See Invis. : +   h - +4,+2 elf short sword
Res.Cold  : . . .   Warding    : .   a - +0 robe
Life Prot.: . . .   Conserve   : .   (no shield)
Res.Poison: .       Res.Corr.  : .   b - +0 wizard hat
Res.Elec. : .       Clarity    : .   (no cloak)
Sust.Abil.: . .     Spirit.Shd : .   (no gloves)
Res.Mut.  : .       Stasis     : .   (no boots)
Res.Rott. : .       Flight     : +   (no amulet)
Saprovore : . . .                    (no ring)
                                     (no ring)

@: paralysed, regenerating quickly, flying, mildly poisoned, very slightly
contaminated, slightly resistant to hostile enchantments, stealthy
A: fangs 3, see invisible, unbreathing
a: no special abilities


You were on level 3 of the Dungeon.
You were very full.

You visited 1 branch of the dungeon, and saw 3 of its levels.

You collected 80 gold pieces.

Inventory:

Hand weapons
 h - a +4,+2 elven short sword (weapon)
Armour
 a - a +0 robe (worn)
 b - a +0 wizard hat (worn)
Scrolls
 e - 3 scrolls of remove curse {unknown}
 k - 4 scrolls of identify {unknown}
 l - a scroll of random uselessness {unknown}
 m - a scroll of fog {unknown}
 n - a scroll of noise {unknown}
 q - a scroll of curse jewellery {unknown}
Books
 c - a book of Minor Magic

   Spells                             Type                      Level
   *Magic Dart                        Conjuration                  1
   Blink                              Translocation                2
   Call Imp                           Summoning                    2
   Repel Missiles                     Charms/Air                   2
   Slow                               Hexes                        2
   *Conjure Flame                     Conjuration/Fire             3
   *Mephitic Cloud                    Conjuration/Poison/Air       3


   Skills:
 - Level 2.1 Dodging
 - Level 3.0 Stealth
 - Level 3.0 Spellcasting
 * Level 2.9 Conjurations
   Level 1.0 Summonings
   Level 0.7 Translocations


You had one spell level left.
You knew the following spells:

 Your Spells              Type           Power        Failure   Level  Hunger
a - Magic Dart            Conj           ###.         4%          1    None
d - Mephitic Cloud        Conj/Pois/Air  #.......     30%         3    ###....
s - Conjure Flame         Conj/Fire      #.......     24%         3    ###....


Dungeon Overview and Level Annotations

Branches:
Dungeon (3/27)

Altars:
Xom

Annotations:
D:3 Grinder


Innate Abilities, Weirdness & Mutations

Your natural rate of healing is unusually fast.
You have razor-sharp teeth.*
You have supernaturally acute eyesight.
You can survive without breathing.*


Message History

Grinder blinks!
You feel sick.
* * * LOW HITPOINT WARNING * * *
You feel sick. Grinder completely misses you.
* * * LOW HITPOINT WARNING * * *
You feel sick.
You feel a little better.
* * * LOW HITPOINT WARNING * * *
You feel sick.
* * * LOW HITPOINT WARNING * * *
You feel sick.
Something unseen opens the door.
You see here a giant cockroach corpse.
There is a stone staircase leading up here.
* * * LOW HITPOINT WARNING * * *
You feel sick. Grinder gestures at you.
You suddenly lose the ability to move!
Grinder gestures at you. Pain shoots through your body!
You die...

#...#.#. ........
#.....
#####.....#####
......#.#....#
#........##.#
#.#.##.####.#+##
#....%..........
###.###.##@####.....
.........5.....+ .
...####'####### ...
#... #... ##. .


You could see Grinder.

Vanquished Creatures
  An adder (D:2)
  3 giant geckos
  An ooze (D:1)
  13 bats
  2 giant cockroaches
  7 goblins
  6 hobgoblins
  5 jackals (D:1)
  6 kobolds
  A ball python (D:1)
  5 giant newts
  5 rats
55 creatures vanquished.

Notes
Turn   | Place    | Note
--------------------------------------------------------------
     0 | D:1      | PolkaDot, the Vampire Wizard, began the quest for the Orb.
     0 | D:1      | Reached XP level 1. HP: 11/11 MP: 6/6
   197 | D:1      | Reached skill level 1 in Conjurations
   413 | D:1      | Reached XP level 2. HP: 17/17 MP: 2/8
   942 | D:1      | Reached XP level 3. HP: 22/22 MP: 5/10
  1908 | D:2      | Found a shimmering altar of Xom.
  1935 | D:2      | Found a shimmering altar of Xom.
  1968 | D:2      | Found a shimmering altar of Xom.
  1970 | D:2      | Found a shimmering altar of Xom.
  1973 | D:2      | Found a shimmering altar of Xom.
  2222 | D:3      | Noticed Grinder
  2228 | D:3      | Learned a level 3 spell: Conjure Flame
  2232 | D:3      | Learned a level 3 spell: Mephitic Cloud
  2272 | D:3      | Paralysed by Grinder for 6 turns
  2273 | D:3      | Killed from afar by Grinder

Action                   || total
-------------------------++-------
Melee: Dagger            ||     3
       Short sword       ||    10
 Cast: Magic Dart        ||   132
       Conjure Flame     ||     1
  Use: Potion            ||     8
 Stab: Sleeping          ||     2
